 Dungeon Crawl Stone Soup version 0.17.0-24-gcfadda4 (webtiles) character file.

291 M4edhros the Sneak (level 6, -2/38 HPs)
             Began as an Octopode Artificer on Nov 17, 2015.
             Was an Initiate of Okawaru.
             Slain by an orc
             ... wielding a +0 trident
              (9 damage)
             ... on level 3 of the Dungeon.
             The game lasted 00:03:47 (2244 turns).

M4edhros the Sneak (Octopode Artificer)             Turns: 2244, Time: 00:03:47

Health: -2/38      AC:  1    Str: 10      XL:     6   Next: 32%
Magic:  10/10      EV: 12    Int: 15      God:    Okawaru [......]
Gold:   158        SH:  0    Dex: 11 (14) Spells: 0 memorised, 5 levels left

rFire  . . .     SeeInvis .     q - +1 dagger (venom)
rCold  . . .     Clarity  .     (no shield)
rNeg   . . .     SustAt   .     (helmet restricted)
rPois  .         Gourm    .     (no amulet)
rElec  .         Spirit   .     (no ring)
rCorr  .         Warding  .     (no ring)
rMut   .         Stasis   .     (no ring)
MR     .....                    (no ring)
Stlth  ++++......               (no ring)
                                (no ring)
                                (no ring)
                                (no ring)

@: not resistant to hostile enchantments, stealthy
A: almost no armour, amphibious, 8 rings, constrict 8, camouflage 1, gelatinous
body 1
a: Renounce Religion


You were on level 3 of the Dungeon.
You worshipped Okawaru.
Okawaru was noncommittal.
You were not hungry.

You visited 2 branches of the dungeon, and saw 5 of its levels.

You collected 158 gold pieces.

Inventory:

Hand Weapons
 a - a +0 short sword
 m - a +0 rapier
 p - a +0 hunting sling
 q - a +1 dagger of venom (weapon)
Missiles
 n - 3 throwing nets (quivered)
Jewellery
 f - an uncursed amulet of regeneration {unknown}
Wands
 b - a wand of flame (5)
 c - a wand of enslavement (8)
 d - a wand of random effects (8)
Scrolls
 g - 2 scrolls of magic mapping {unknown}
 h - a scroll of remove curse {unknown}
 i - a scroll of blinking {unknown}
 j - 4 scrolls of identify {unknown}
 l - a scroll of enchant weapon {unknown}
 o - a scroll of amnesia {unknown}
Comestibles
 e - a bread ration
 k - 3 fruits


   Skills:
 - Level 1.0 Fighting
 - Level 1.0 Short Blades
 - Level 2.0 Dodging
 + Level 6.3 Stealth
 + Level 5.8 Evocations


You had 5 spell levels left.
You didn't know any spells.

Dungeon Overview and Level Annotations

Branches:
Dungeon (4/15)             Temple (1/1) D:4

Altars:
Ashenzari
Cheibriados
Dithmenos
Fedhas
Gozag
Kikubaaqudgha
Makhleb
Nemelex Xobeh
Okawaru
Qazlal
Ru
Sif Muna
Trog
Vehumet
Xom
Yredelemnul
Zin
The Shining One

Annotations:
D:4 heinrich's ghost, amateur DgTm


Innate Abilities, Weirdness & Mutations

You cannot wear most types of armour.
You are amphibious.
You can wear up to eight rings at the same time.
You can use your tentacles to constrict eight enemies at once.
Your skin changes colour to match your surroundings (Stealth).
Your rubbery body absorbs attacks (AC +1).


Message History

The orc hits you but does no damage. The orc hits you with a dagger.
* * * LOW HITPOINT WARNING * * *
You are too injured to fight recklessly!
You hit the orc.
The orc is poisoned.
The orc is severely wounded.
You constrict the orc. The orc misses you. The orc hits you with a dagger.
* * * LOW HITPOINT WARNING * * *
You release your grip on the orc.
You see here a tomahawk.
You kill the orc!
Okawaru accepts your kill.
Drink which item? (? for menu, Esc to quit)
It was a potion of cure mutation.
It has a very clean taste.
Evoke which item? (* to show all) (? for menu, Esc to quit)
Zapping:
c - a wand of enslavement (9)
Press: ? - help, Shift-Dir - straight line, f - orc
Aim: an orc, wielding a trident (chance to defeat MR: 87%)
The orc struggles to resist.
This wand has 8 charges left.
The orc hits you with a trident!
You die...

##......## ##....#
#.......# #. ####.###
#.....>.# .. #....
#.....).# .#### ##...
#................#
#.## #.......######
..# ### #.## ##......#
##.# ##.########.##
###....#
##..###...#.......#.
#.....
##..@........#######.
#....#
..#..##o.......# ###.
#....#
#..............# #..)
##..##.(.......# #.##
##.####).......#####.#
.......).........##.(#
.######.............##
#.............#.### #
#...........#..###


You could see an orc.

Vanquished Creatures
  An orc wizard (D:4)
  An orc priest (D:4)
  4 adders
  3 gnolls (D:4)
  2 worms
  2 adder skeletons (D:4)
  2 giant geckos
  9 orcs
  4 giant cockroaches
  2 goblins
  A hobgoblin (D:1)
  8 jackals
  2 kobolds
  3 bats
  A giant newt (D:3)
  4 rats
49 creatures vanquished.

Vanquished Creatures (collateral kills)
  An ogre (D:4)
  A hound (D:4)
2 creatures vanquished.

Vanquished Creatures (others)
  An orc (D:4)
1 creature vanquished.

Grand Total: 52 creatures vanquished

Notes
Turn   | Place    | Note
--------------------------------------------------------------
     0 | D:1      | M4edhros the Octopode Artificer began the quest for the Orb.
     0 | D:1      | Reached XP level 1. HP: 13/13 MP: 3/3
    68 | D:1      | Reached XP level 2. HP: 15/18 MP: 4/4
   473 | D:2      | Reached skill level 4 in Evocations
   473 | D:2      | Reached XP level 3. HP: 16/23 MP: 4/6
   804 | D:4      | Noticed an ogre
   820 | D:4      | Killed an ogre
   820 | D:4      | Reached XP level 4. HP: 20/28 MP: 7/7
  1087 | D:4      | Reached XP level 5. HP: 28/33 MP: 8/8
  1127 | D:4      | Reached skill level 5 in Evocations
  1156 | D:4      | Reached skill level 5 in Stealth
  1406 | D:4      | Reached XP level 6. HP: 3/38 MP: 8/10
  1541 | D:4      | Reached skill level 6 in Stealth
  1616 | D:4      | Found a staircase to the Ecumenical Temple.
  1646 | Temple   | Entered the Ecumenical Temple
  1659 | Temple   | Became a worshipper of Xom of Chaos
  1666 | Temple   | Fell from the grace of Xom
  1666 | Temple   | Became a worshipper of Warmaster Okawaru
  1909 | D:4      | Noticed heinrich's ghost (amateur DgTm)
  2153 | D:3      | Found an opulent altar of Gozag.
  2244 | D:3      | Slain by an orc

Action                   |  1- 3 |  4- 6 || total
-------------------------+-------+-------++-------
Melee: Short sword       |    55 |       ||    55
       Rapier            |     5 |    40 ||    45
       Dagger            |       |     8 ||     8
Evoke: Wand              |     1 |    23 ||    24
  Use: Potion            |       |     5 ||     5
 Stab: Sleeping          |     8 |     3 ||    11
  Eat: Chunk             |       |     4 ||     4
